 Seeded DCSS version 0.31.0-32-g396128a36d (webtiles) character file.

Game seed: 2772133428319353497 (custom seed)

13041 0gre the Frost Mage (level 12, -8/87 (91) HPs)
             Began as a Gnoll Ice Elementalist on Apr 22, 2024.
             Was an Initiate of Gozag.
             Shot with a sling bullet by a centaur warrior (18 damage)
             ... on level 11 of the Dungeon.
             The game lasted 01:03:48 (10792 turns).

0gre the Frost Mage (Gnoll Ice Elementalist)       Turns: 10792, Time: 01:03:49

HP:   -8/87 (91)    AC: 13    Str:  9    XL:     12   Next: 1%
MP:   24/24         EV: 15    Int: 16    God:    Gozag
Gold: 415           SH:  0    Dex: 15    Spells: 16/28 levels left

rFire   + . .        e - +5 great sword
rCold   . . .        (shield currently unavailable)
rNeg    . . .        C - +3 leather armour {rF+}
rPois   +            q - +2 helmet
rElec   .            l - +1 cloak
rCorr   .            g - +0 pair of gloves
SInv    .            (no boots)
Will    +....        (no amulet)
Stlth   ++++         y - ring of poison resistance
HPRegen 0.34/turn    p - ring of willpower
MPRegen 0.19/turn

%: no passive effects
@: marked, lightly drained
A: fangs 1, strong nose, distributed training
a: Renounce Religion, Potion Petition, Call Merchant, Bribe Branch


You were on level 11 of the Dungeon.
You worshipped Gozag.
Gozag was aware of your devotion.
You visited 2 branches of the dungeon, and saw 12 of its levels.

You collected 1093 gold pieces.
You spent 517 gold pieces at shops.
You paid 161 gold pieces to Gozag.

Inventory:

Hand Weapons
 a - a +1 scimitar of freezing
 b - a +0 orcbow
 c - a +0 glaive
 d - a +4 flail of freezing
 e - a +5 great sword (weapon)
 f - a +4 long sword
Missiles
 D - 9 javelins
 F - 16 poisoned darts (quivered)
Armour
 g - a +0 pair of gloves (worn)
 i - a +2 robe of willpower
 l - a +1 cloak (worn)
 q - a +2 helmet (worn)
 C - a +3 leather armour of fire resistance (worn)
Jewellery
 m - a ring of resist corrosion
 p - a ring of willpower (right hand)
 t - a ring of positive energy
 y - a ring of poison resistance (left hand)
 H - a ring of fire
Wands
 j - a wand of mindburst (15)
 r - a wand of paralysis (1)
 z - a wand of roots (19)
 B - a wand of quicksilver (8)
Scrolls
 h - a scroll of amnesia
 o - a scroll of revelation
 G - a scroll of fog
 J - a scroll of blinking
Potions
 k - 3 potions of might
 n - a potion of ambrosia
 s - a potion of magic
 u - a potion of resistance
 v - a potion of berserk rage {unknown}
 w - 3 potions of curing
 x - a potion of enlightenment {unknown}
 A - a potion of heal wounds
 E - 7 potions of lignification
 I - a potion of haste {unknown}


   Skills:
 + Level 7.1 Fighting
 + Level 7.1 Short Blades
 + Level 7.1 Long Blades
 + Level 7.1 Axes
 + Level 7.1 Maces & Flails
 + Level 7.1 Polearms
 + Level 7.1 Staves
 + Level 7.1 Ranged Weapons
 + Level 7.1 Throwing
 + Level 7.1 Armour
 + Level 8.5 Dodging
 + Level 8.3 Stealth
 + Level 7.1 Shields
 + Level 7.1 Unarmed Combat
 + Level 8.8 Spellcasting
 + Level 5.9 Conjurations
 + Level 5.9 Hexes
 + Level 5.9 Summonings
 + Level 5.9 Necromancy
 + Level 5.9 Translocations
 + Level 5.9 Fire Magic
 + Level 9.3 Ice Magic
 + Level 5.9 Air Magic
 + Level 5.9 Earth Magic
 + Level 5.9 Alchemy
 + Level 7.8 Invocations
 + Level 7.1 Evocations
 + Level 6.4 Shapeshifting


You had 16 spell levels left.
You knew the following spells:

 Your Spells              Type           Power      Damage    Failure   Level
a - Summon Ice Beast      Ice/Summ       31%        N/A       1%          3
b - Frozen Ramparts       Ice            74%        1d12      1%          3
c - Mephitic Cloud        Conj/Alch/Air  25%        N/A       3%          3
d - Hailstorm             Conj/Ice       31%        3d8       1%          3

Your spell library contained the following spells:

 Spells                   Type           Power      Damage    Failure   Level
 Apportation              Tloc           50%        N/A       1%          1
 Freeze                   Ice            100%       1d10      1%          1
 Sting                    Conj/Alch      100%       1d9       1%          1
 Jinxbite                 Hex            50%        N/A       1%          2
 Mercury Vapours          Alch/Air       50%        N/A       1%          2
 Ozocubu's Armour         Ice            37%        N/A       1%          3
 Brom's Barrelling Bould  Conj/Erth      25%        2d5       12%         4
 Olgreb's Toxic Radiance  Alch           25%        N/A       12%         4
 Freezing Cloud           Conj/Ice/Air   14%        6-21      21%         5
 Alistair's Intoxication  Alch           16%        N/A       32%         5
 Borgnjor's Vile Clutch   Necr/Erth      12%        N/A       32%         5
 Fireball                 Conj/Fire      12%        3d7       32%         5
 Iskenderun's Battlesphe  Conj           25%        2d8       32%         5
 Conjure Ball Lightning   Conj/Air       12%        3x3d6     88%         6
 Eringya's Noxious Bog    Alch           12%        4d6       88%         6
 Orb of Destruction       Conj           12%        9d7       100%        7


Dungeon Overview and Level Annotations

Branches:
Dungeon (11/15)            Temple (1/1) D:7            Lair (0/5) D:8
    Orc (0/2) D:10

Altars:
Ashenzari
Cheibriados
Dithmenos
Elyvilon
Fedhas
Gozag
Hepliaklqana
Kikubaaqudgha
Makhleb
Nemelex Xobeh
Okawaru
Qazlal
Ru
Sif Muna
Trog
Uskayaw
Vehumet
Wu Jian
Xom
Yredelemnul
Zin
The Shining One

Shops:
D:1 (:*=   D:6 *   D:10 (

Annotations:
D:8 Here be death yaks!


Innate Abilities, Weirdness & Mutations

You have very sharp teeth.
Your uncanny sense of smell can sniff out nearby items.
Your experience applies equally to all skills.


Message History

The manticore barely misses you.
The manticore claws you but does no damage.
Your +1 scimitar of freezing stops glowing.
e - a +5 great sword (weapon)
You slash the manticore!
The manticore is severely wounded.
The wall freezes the manticore.
The manticore misses you.
The manticore claws you. x2; The wall freezes the manticore.
The manticore bites you but does no damage.
The manticore misses you. The manticore claws you.
You slice the manticore!!
You kill the manticore!
You have reached level 12!
You feel stronger.
The frozen ramparts melt away as you move.
You now have enough gold to petition Gozag for potion effects.
You now have 406 gold pieces (gained 19).
A malevolent force fills the Dungeon...
With a horrendous wail, an alarm goes off!
A sentinel's mark forms upon you.
You hear a shout!
You hear two shouts!
You hear an angry hiss.
You hear a howl!
You hear an angry hiss.
You hear a howl!
You hear a hideous shriek!
You hear a shout!
You hear a bellow! x2; You hear a shout! x3
You hear a howl!
You hear an angry buzzing noise.
You hear a shout! x4
You hear a bellow!
You now have 415 gold pieces (gained 9).
You see here a +0 dagger.
Items here: ( )) [.
You see here a +0 whip.
A laughing skull comes into view.
The laughing skull cackles spitefully.
The bolt of negative energy misses you.
A centaur warrior comes into view.
It is wielding a +2 sling of electrocution.
The laughing skull lets out a vicious peal of laugher.
The bolt of negative energy hits you!!
You feel drained.
* * * LOW HITPOINT WARNING * * *
The centaur warrior shoots a sling bullet.
The sling bullet hits you!!
You die...
Your body crumbles into a pile of gold.

########{#.......#
.......#c).#..#.#
#########).#....#
#..#..#.#
##.z...#.#
##........##
#.......#..#
#..##.#..#..######
#........@.......#
#..#.#.....<#....#
#. #.....#(....#.#
# ###........## #
.###...)....#
.......>.)####.#
..................
.######.#..####.##
#.#....


You could see a centaur warrior and a laughing skull.

Vanquished Creatures
  A two-headed ogre (D:11)
  5 death yaks
  A boulder beetle (D:8)
  Pikel (D:8)
  A cyclops (D:11)
  A manticore (D:11)
  An unseen horror (D:10)
  A shadow (D:10)
  10 yaks
  A wraith (D:9)
  Eustachio (D:4)
  A vampire mosquito (D:11)
  An acid dragon (D:11)
  A sky beast (D:6)
  2 black bears
  6 orc warriors
  2 ice beasts
  3 centaurs
  2 lemures (D:8)
  3 ogres
  2 phantoms
  2 gnoll sergeants (D:8)
  5 scorpions
  7 wights (D:10)
  3 bullfrogs
  4 killer bees (D:10)
  2 howler monkeys (D:9)
  4 hounds
  3 jellies
  3 orc priests
  2 bombardier beetles (D:5)
  3 gnoll boudas
  Crazy Yiuf (D:4)
  Natasha (D:2)
  2 iguanas (D:5)
  12 orc wizards
  Robin (D:4)
  26 gnolls
  5 adders
  A shadow imp (D:6)
  A white imp (D:5)
  An ufetubus (D:6)
  A dart slug (D:3)
  A ribbon worm (D:3)
  29 orcs
  4 endoplasms
  5 giant cockroaches
  12 goblins
  10 hobgoblins
  3 ball pythons
  2 bats (D:1)
  3 frilled lizards
  13 kobolds
  5 rats
224 creatures vanquished.

Vanquished Creatures (collateral kills)
  A death yak (D:8)
  A hornet (D:9)
  An acid dragon (D:9)
  An ice beast (D:5)
  An ogre (D:6)
  A kobold brigand (D:6)
  4 wights (D:6)
  A howler monkey (D:9)
  A white imp (D:6)
  An ufetubus (D:6)
  An orc (D:10)
14 creatures vanquished.

Grand Total: 238 creatures vanquished

Notes
Turn   | Place    | Note
-------+----------+-------------------------------------------
     0 | D:1      | 0gre the Gnoll Ice Elementalist began the quest for the
                  | Orb.
     0 | D:1      | Reached XP level 1. HP: 13/13 MP: 6/6
    47 | D:1      | Found Juistet's Book Shoppe.
   127 | D:1      | Found Bomy's Weapon Shoppe.
   238 | D:1      | Found Akhaut's Assorted Antiques.
   243 | D:1      | Reached XP level 2. HP: 19/19 MP: 7/7
   245 | D:1      | Bought a blue potion for 19 gold pieces
   563 | D:1      | Found Elluxon's One-of-a-Kind Rings.
   760 | D:2      | Reached skill level 5 in Spellcasting
   760 | D:2      | Reached XP level 3. HP: 25/25 MP: 7/9
   764 | D:2      | Learned a level 3 spell: Frozen Ramparts
   890 | D:2      | Found a faded altar of an unknown god.
  1099 | D:2      | Found a glowing silver altar of Zin.
  1491 | D:2      | Noticed Natasha
  1496 | D:2      | Killed Natasha
  1497 | D:2      | Reached skill level 1 in Fighting
  1497 | D:2      | Reached skill level 1 in Short Blades
  1497 | D:2      | Reached skill level 1 in Long Blades
  1497 | D:2      | Reached skill level 1 in Axes
  1497 | D:2      | Reached skill level 1 in Maces & Flails
  1497 | D:2      | Reached skill level 1 in Polearms
  1497 | D:2      | Reached skill level 1 in Staves
  1497 | D:2      | Reached skill level 1 in Ranged Weapons
  1497 | D:2      | Reached skill level 1 in Throwing
  1497 | D:2      | Reached skill level 1 in Armour
  1497 | D:2      | Reached skill level 1 in Shields
  1497 | D:2      | Reached skill level 1 in Unarmed Combat
  1497 | D:2      | Reached skill level 1 in Invocations
  1497 | D:2      | Reached skill level 1 in Evocations
  1497 | D:2      | Reached skill level 1 in Shapeshifting
  1497 | D:2      | Reached XP level 4. HP: 11/32 MP: 7/11
  1869 | D:3      | Reached skill level 1 in Conjurations
  1869 | D:3      | Reached skill level 1 in Hexes
  1869 | D:3      | Reached skill level 1 in Summonings
  1869 | D:3      | Reached skill level 1 in Necromancy
  1869 | D:3      | Reached skill level 1 in Translocations
  1869 | D:3      | Reached skill level 1 in Fire Magic
  1869 | D:3      | Reached skill level 1 in Air Magic
  1869 | D:3      | Reached skill level 1 in Earth Magic
  1869 | D:3      | Reached skill level 1 in Alchemy
  1933 | D:3      | Reached XP level 5. HP: 32/37 MP: 8/12
  2051 | D:3      | Found a basalt altar of Yredelemnul.
  2052 | D:3      | Found a shadowy altar of Dithmenos.
  2214 | D:3      | You fall into a shaft and drop 1 floor!
  2229 | D:4      | Found a runed translucent door.
  2230 | D:4      | Noticed Crazy Yiuf
  2239 | D:4      | Paralysed by Crazy Yiuf for 1 turns
  2243 | D:4      | Killed Crazy Yiuf
  2330 | D:4      | Reached XP level 6. HP: 29/44 MP: 9/13
  2454 | D:4      | Reached skill level 5 in Dodging
  2549 | D:4      | Noticed Eustachio
  2564 | D:4      | Killed Eustachio
  2565 | D:4      | Reached XP level 7. HP: 33/50 MP: 7/15
  2664 | D:4      | Noticed Robin
  2673 | D:4      | Killed Robin
  2879 | D:4      | Learned a level 3 spell: Summon Ice Beast
  2919 | D:5      | Entered Level 5 of the Dungeon
  3050 | D:5      | Reached skill level 5 in Stealth
  3348 | D:5      | Reached XP level 8. HP: 48/58 MP: 12/16
  4116 | D:1      | Bought a sapphire potion for 19 gold pieces
  4116 | D:1      | Bought a scroll labelled MUZXINK WATAOR for 22 gold pieces
  4116 | D:1      | Bought a long fluorescent wand for 88 gold pieces
  4116 | D:1      | Bought a scroll labelled LUDEOCH YDYISU for 22 gold pieces
  4116 | D:1      | Bought a scroll labelled MAOSCH YTOATHA for 22 gold pieces
  4280 | D:6      | Found Pish's Assorted Antiques.
  4319 | D:6      | Bought a glowing robe for 88 gold pieces
  4622 | D:6      | Reached XP level 9. HP: 56/65 MP: 11/18
  4939 | D:6      | Reached skill level 8 in Ice Magic
  5067 | D:6      | Found a hazy altar of Hepliaklqana.
  5764 | D:7      | Reached skill level 5 in Invocations
  5860 | D:7      | Found a staircase to the Ecumenical Temple.
  5864 | Temple   | Entered the Ecumenical Temple
  6465 | D:8      | Noticed a boulder beetle
  6495 | D:8      | Killed a boulder beetle
  6496 | D:8      | Reached skill level 5 in Fighting
  6496 | D:8      | Reached skill level 5 in Short Blades
  6496 | D:8      | Reached skill level 5 in Long Blades
  6496 | D:8      | Reached skill level 5 in Axes
  6496 | D:8      | Reached skill level 5 in Maces & Flails
  6496 | D:8      | Reached skill level 5 in Polearms
  6496 | D:8      | Reached skill level 5 in Staves
  6496 | D:8      | Reached skill level 5 in Ranged Weapons
  6496 | D:8      | Reached skill level 5 in Throwing
  6496 | D:8      | Reached skill level 5 in Armour
  6496 | D:8      | Reached skill level 5 in Shields
  6496 | D:8      | Reached skill level 5 in Unarmed Combat
  6496 | D:8      | Reached skill level 5 in Evocations
  6496 | D:8      | Reached XP level 10. HP: 57/74 MP: 15/20
  6631 | D:8      | Noticed a death yak
  6633 | D:8      | Noticed a death yak
  6633 | D:8      | Noticed a death yak
  6636 | D:8      | Noticed a death yak
  6637 | D:8      | Noticed a death yak
  6638 | D:8      | Noticed a death yak
  6856 | D:8      | Learned a level 3 spell: Hailstorm
  7050 | D:8      | Found a broken altar of Ashenzari.
  7200 | D:8      | Killed a death yak
  7201 | D:8      | Reached skill level 5 in Shapeshifting
  7398 | D:8      | Found a staircase to the Lair.
  7423 | D:8      | Noticed Pikel
  7440 | D:8      | Killed Pikel
  7598 | D:8      | Learned a level 3 spell: Mephitic Cloud
  7662 | D:8      | Killed a death yak
  7924 | D:9      | Paralysed by a hornet for 3 turns
  8227 | D:9      | Found an ancient bone altar of Kikubaaqudgha.
  8405 | D:9      | Reached skill level 5 in Conjurations
  8405 | D:9      | Reached skill level 5 in Hexes
  8405 | D:9      | Reached skill level 5 in Summonings
  8405 | D:9      | Reached skill level 5 in Necromancy
  8405 | D:9      | Reached skill level 5 in Translocations
  8405 | D:9      | Reached skill level 5 in Fire Magic
  8405 | D:9      | Reached skill level 5 in Air Magic
  8405 | D:9      | Reached skill level 5 in Earth Magic
  8405 | D:9      | Reached skill level 5 in Alchemy
  8406 | D:9      | Reached XP level 11. HP: 67/81 MP: 18/22
  8996 | D:9      | Found an opulent altar of Gozag.
  8999 | D:9      | Became a worshipper of Gozag Ym Sagoz the Greedy
  9123 | D:10     | Entered Level 10 of the Dungeon
  9430 | D:10     | Reached skill level 9 in Ice Magic
  9472 | D:10     | Found a bloodstained altar of Trog.
  9770 | D:10     | Found Vefeonae's Weapon Shoppe.
  9770 | D:10     | Found a staircase to the Orcish Mines.
  9773 | D:10     | Found Xocuo's Armour Shoppe.
 10194 | D:9      | Killed a death yak
 10271 | D:8      | Killed a death yak
 10276 | D:8      | Killed a death yak
 10314 | D:8      | Killed a death yak
 10411 | D:6      | Bought a potion of might for 96 gold pieces
 10411 | D:6      | Bought a knobbly marble ring for 120 gold pieces
 10411 | D:6      | Bought a murky inky potion for 21 gold pieces
 10534 | D:11     | Noticed a cyclops
 10550 | D:11     | Killed a cyclops
 10623 | D:11     | Noticed a two-headed ogre
 10633 | D:11     | Killed a two-headed ogre
 10766 | D:11     | Noticed a manticore
 10774 | D:11     | Killed a manticore
 10775 | D:11     | Reached XP level 12. HP: 30/91 MP: 21/24
 10791 | D:11     | Noticed a centaur warrior
 10792 | D:11     | Shot with a sling bullet by a centaur warrior

Illustrated notes

Levels and vault maps discovered:
D:1:      minmay_arrival_checkered_box, layout_basic, serial_shops,
          nicolae_shop_hallway_stairs, shop, shop, st_stairs_13,
          nicolae_shop_unique_rings, hex_medium
D:2:      layout_loops_corners, dilly_ecumenical_altar_fadedgnrine, basic_altar,
          dk_noncrumbling_4, uniq_natasha
D:3:      layout_basic, chequers_temple_overflow_statue_of_worship,
          hangedman_decor_push, minivault_25
D:4:      layout_rooms, uniq_eustachio, uniq_robin, uniq_crazy_yiuf_cottage
D:5:      layout_basic, hangedman_decor_slide_cut, minmay_misc_feat_nine_boxes
D:6:      layout_basic, kennysheep_mini, serial_shops,
          nicolae_shop_getting_attention
D:7:      layout_cave_pools, temple_hall_moat, minivault_23
D:8:      layout_loops_ring, lemuel_tele_altar, dpeg_lair_monsters,
          nicolae_grassy_gnolls, uniq_pikel
D:9:      layout_stronghold, kennysheep_mini_moat,
          mainiacjoe_overflow_tiny_flanked
D:10:     layout_stronghold, lemuel_round_altar, orc_david_3
D:11:     minmay_the_grid_octo_tiled_squarecenter
          [minmay_the_grid_octo_fat_diamond, minmay_the_grid_octo_toaster,
          minmay_the_grid_octo_pinwheel, minmay_the_grid_octo_concentric,
          minmay_the_grid_square_5x5_megaprize_open,
          minmay_the_grid_square_5x5_dogpile, minmay_the_grid_square_5x5_fat_x,
          minmay_the_grid_square_5x5_trominoes,
          minmay_the_grid_square_5x5_bridge], layout_basic
Temple:   hellmonk_temple_two_chambers

Skill      XL: |  1  2  3  4  5  6  7  8  9 10 11 |
---------------+----------------------------------+-----
Spellcasting   | 5 6 7 8 |  8.8
Fighting       | 1 2 3 5 6 7 |  7.1
Short Blades   | 1 2 3 5 6 7 |  7.1
Long Blades    | 1 2 3 5 6 7 |  7.1
Axes           | 1 2 3 5 6 7 |  7.1
Maces & Flails | 1 2 3 5 6 7 |  7.1
Polearms       | 1 2 3 5 6 7 |  7.1
Staves         | 1 2 3 5 6 7 |  7.1
Ranged Weapons | 1 2 3 5 6 7 |  7.1
Throwing       | 1 2 3 5 6 7 |  7.1
Armour         | 1 2 3 5 6 7 |  7.1
Shields        | 1 2 3 5 6 7 |  7.1
Unarmed Combat | 1 2 3 5 6 7 |  7.1
Invocations    | 1 2 3 4 5 6 7 |  7.8
Evocations     | 1 2 3 5 6 7 |  7.1
Shapeshifting  | 1 2 3 4 5 6 |  6.4
Conjurations   | 1 2 3 4 5 |  5.9
Hexes          | 1 2 3 4 5 |  5.9
Summonings     | 1 2 3 4 5 |  5.9
Necromancy     | 1 2 3 4 5 |  5.9
Translocations | 1 2 3 4 5 |  5.9
Fire Magic     | 1 2 3 4 5 |  5.9
Air Magic      | 1 2 3 4 5 |  5.9
Earth Magic    | 1 2 3 4 5 |  5.9
Alchemy        | 1 2 3 4 5 |  5.9
Dodging        | 5 6 7 8 |  8.5
Stealth        | 5 6 7 8 |  8.3
Ice Magic      | 8 9 |  9.3

Action                     |  1- 3 |  4- 6 |  7- 9 | 10-12 || total
---------------------------+-------+-------+-------+-------++-------
  Melee: Dagger            |    80 |       |       |       ||    80
         Bite              |     6 |     5 |    27 |    26 ||    64
         Unarmed           |     1 |       |       |       ||     1
         Punch             |     2 |       |     8 |     5 ||    15
         Long sword        |    14 |    76 |    69 |       ||   159
         Trident           |       |       |     2 |       ||     2
         Rapier            |       |       |    35 |       ||    35
         Halberd           |       |       |     2 |     2 ||     4
         Scimitar          |       |       |    60 |   137 ||   197
         Great sword       |       |       |       |    32 ||    32
         Glaive            |       |       |       |     3 ||     3
   Fire: Sling             |       |       |    53 |       ||    53
         Shortbow          |       |       |    28 |    50 ||    78
         Orcbow            |       |       |       |    47 ||    47
  Throw: Dart              |       |     8 |     5 |     5 ||    18
         Javelin           |       |       |       |     4 ||     4
   Cast: Freeze            |     8 |     1 |       |       ||     9
         Frozen Ramparts   |     1 |     9 |    41 |    30 ||    81
         Summon Ice Beast  |       |       |    12 |    18 ||    30
         Mephitic Cloud    |       |       |       |     6 ||     6
  Evoke: Wand              |       |       |    11 |     6 ||    17
    Use: Scroll            |       |     7 |     9 |     8 ||    24
         Potion            |       |     1 |     1 |     1 ||     3
   Stab: Sleeping          |     8 |     4 |       |       ||    12
         Paralysed         |       |       |     7 |       ||     7
         Distracted        |       |       |     2 |     1 ||     3
         Confused          |       |       |       |     1 ||     1
 Armour: Robe              |    35 |    48 |    98 |    68 ||   249
         Leather armour    |       |       |       |    95 ||    95
  Dodge: Dodged            |    54 |    53 |   136 |   140 ||   383
